 Dungeon Crawl Stone Soup version 0.31-a0-145-g046c7d2549 (webtiles) character file.

Game seed: 10029631578677606864

2 NateTC the Shield-Bearer (level 1, 22/22 HPs)
             Began as a Troll Fighter on June 7, 2023.
             Quit the game on level 1 of the Dungeon.
             The game lasted 00:00:44 (32 turns).

NateTC the Shield-Bearer (Troll Fighter)              Turns: 32, Time: 00:00:44

Health: 22/22      AC:  4    Str: 23    XL:     1   Next: 25%
Magic:  0/0        EV:  8    Int:  4    God:
Gold:   16         SH:  7    Dex:  9    Spells: 0/0 levels left

rFire   . .          .
                       - Unarmed
rCold   . . .        b - +0 kite shield
rNeg    . . .        a - +0 robe
rPois   .            (helmet restricted)
rElec   .            (no cloak)
rCorr   .            (gloves unavailable)
SInv    .            (boots unavailable)
Will    .....        (no amulet)
Stlth   +            (no ring)
HPRegen 1.03/turn    (no ring)
MPRegen 0.07/turn

%: no passive effects
@: no status effects
A: large, unfitting armour, claws 3, regeneration 1, shaggy fur 1, tough skin 1
a: no special abilities


You were on level 1 of the Dungeon.
You visited 1 branch of the dungeon, and saw 1 of its levels.

You collected 16 gold pieces.

Inventory:

Armour
 a - a +0 robe (worn)
 b - a +0 kite shield (worn)
Potions
 c - a potion of might


   Skills:
 + Level 2.4 Fighting
 - Level 2.4 Dodging
 + Level 2.7 Shields
 * Level 2.1 Unarmed Combat


You couldn't memorise any spells.
You didn't know any spells.
Your spell library was empty.

Dungeon Overview and Level Annotations

Branches:
Dungeon (1/15) Zot: 5967

Altars:


Innate Abilities, Weirdness & Mutations

You are too large for most types of armour.
You have claws for hands.
Your natural rate of healing is unusually fast.
You are covered in fur. (AC +1)
You have tough skin. (AC +1)


Message History

The ball python hisses angrily.
The ball python bites you but does no damage.
You claw the ball python!
You kill the ball python!
A giant cockroach comes into view.
A giant cockroach is nearby!
A giant cockroach is nearby!
You block the giant cockroach's attack.
You completely miss the giant cockroach.
The giant cockroach closely misses you.
You closely miss the giant cockroach. The giant cockroach barely misses you.
You scratch the giant cockroach.
The giant cockroach is heavily wounded.
The giant cockroach bites you but does no damage.
You block the giant cockroach's attack.
You scratch the giant cockroach but do no damage.
The giant cockroach is heavily wounded.
The giant cockroach barely misses you.
A giant cockroach is nearby!
You closely miss the giant cockroach.
The giant cockroach is heavily wounded.
You block the giant cockroach's attack.
You barely miss the giant cockroach.
The giant cockroach is heavily wounded.
You block the giant cockroach's attack. x2
A giant cockroach is nearby!
You scratch the giant cockroach.
The giant cockroach is almost dead.
The giant cockroach barely misses you.
A giant cockroach is nearby!
A giant cockroach is nearby!
You closely miss the giant cockroach.
The giant cockroach is almost dead.
The giant cockroach bites you but does no damage.
A giant cockroach is nearby!
You scratch the giant cockroach.
You kill the giant cockroach!
You now have 16 gold pieces.
A dart slug comes into view.
Are you sure you want to abandon this character and quit the game? (Confirm with "yes".)

....≈....≈.#
###.....#....#.####
#...... ##≈§#'....#
#...#####.........#
#.w.#.....#.......#
...#.............##
#..#.....#.........
#..#.....#....†....
#.@#.#.###.........
#...#..# ##.##..##.
.......###...##.#
.... #####.##
##...... .#.#. #.
.....# .##. #.
.#### .# #. ## .#


You could see a dart slug.

Vanquished Creatures
  A giant cockroach (D:1)
  A ball python (D:1)
2 creatures vanquished.

Notes
Turn   | Place    | Note
-------+----------+-------------------------------------------
     0 | D:1      | NateTC the Troll Fighter began the quest for the Orb.
     0 | D:1      | Reached XP level 1. HP: 22/22 MP: 0/0
    32 | D:1      | Quit the game

Illustrated notes

Levels and vault maps discovered:
D:1:      dpeg_arrival_rooms_with_view, layout_loops_ring, serial_bayou_lagoon_b

Action                     || total
---------------------------++-------
  Melee: Unarmed           ||    10
 Armour: Robe              ||     3
  Dodge: Dodged            ||     4
  Block: Kite shield       ||     5

Table legend: (Time is in decaauts)
 A = Elapsed time spent in this place.
 B = Non-inter-level travel time spent in this place.
 C = Inter-level travel time spent in this place.
 D = Time resting spent in this place.
 E = Time spent auto-exploring this place.
 F = Levels seen in this place.
 G = Mean time per level.
                   A        B        C        D        E       F      G
               +--------+--------+--------+--------+--------+-----+--------+
         Total |     32 |     32 |      0 |      0 |     11 |   1 |   32.0 |
       Dungeon |     32 |     32 |      0 |      0 |     11 |   1 |   32.0 |
               +--------+--------+--------+--------+--------+-----+--------+

Top non-repeatable levels by time:
     D:1: 32 daAuts
